TORONTO vs OTTAWA

Created - March-16-21 at 17:35

Goals
1 2 3 T
TORONTO 1 0 1 2
OTTAWA 2 0 1 3
Shots
1 2 3 T
TORONTO 6 12 7 25
OTTAWA 8 6 12 26

1st period

1. TORONTO , Nick Suzuki 4 (Ethan Bear 14, Jordie Benn 3) at 15:22
2. OTTAWA , Jordan Eberle 15 (Andreas Johnsson 5, Ryan Suter 21) at 15:45
3. OTTAWA , Andreas Johnsson 2 (Ryan Suter 22, Mirco Mueller 1) at 19:29 (PP)

Penalties :
Jordie Benn (TOR) for High sticking (Minor) at 5:19, Jordie Benn (TOR) for High sticking (Minor) at 18:34

2nd period

No Goal

Penalties :
Oskar Sundqvist (OTT) for Interference (Minor) at 16:09, Ethan Bear (TOR) for Hooking (Minor) at 16:09

3rd period

4. TORONTO , Brayden Point 15 (Mark Scheifele 14) at 10:45 (SH)
5. OTTAWA , Michael Rasmussen 1 (Dmitry Kulikov 10, Michael Raffl 10) at 11:20

Penalties :
Jordie Benn (TOR) for Interference (Minor) at 4:01, Brady Tkachuk (TOR) for Interference (Minor) at 9:01, Ondrej Palat (TOR) for Roughing (Minor) at 13:15, Matt Niskanen (TOR) for Slashing (Minor) at 18:22

Goalie Stats

Anton Khudobin (TOR), 23 saves from 26 shots - (0.885), L, 10-16-2, 60:00 minutes
Pekka Rinne (OTT), 23 saves from 25 shots - (0.920), W, 7-8-2, 60:00 minutes

Players Stats for TORONTO

Player Name              G  A  P  +/- PIM S  H  SB GA TA FO     MP     PP MP  PK MP  
------------------------------------------------------------------------------------
Alex Pietrangelo         0  0  0   1  0   3  2  0  0  0  0/0    23:46   0:00   5:55 
Brady Tkachuk            0  0  0   0  2   0  6  0  0  0  0/3    18:09   0:00   2:42 
Brayden Point            1  0  1   1  0   2  0  0  0  0  1/1    22:55   0:00   5:48 
Curtis Lazar             0  0  0  -1  0   0  0  0  0  0  3/6     7:50   0:00   0:26 
Ethan Bear               0  1  1   0  2   1  0  1  0  0  0/0    16:06   0:00   0:55 
Joe Pavelski             0  0  0   0  0   1  2  0  0  0  7/13   15:41   0:00   2:48 
Jordan Martinook         0  0  0  -1  0   1  0  0  0  0  0/0     8:49   0:00   1:25 
Jordie Benn              0  1  1   0  6   0  2  0  0  0  0/0    16:21   0:00   1:12 
Josh Morrissey           0  0  0  -1  0   1  3  1  0  0  0/0    20:15   0:00   3:46 
Justin Williams          0  0  0   0  0   1  1  0  0  0  0/0    12:43   0:00   0:00 
Kevin Shattenkirk        0  0  0  -1  0   2  1  3  0  0  0/0    20:15   0:00   3:46 
Mark Scheifele           0  1  1   1  0   3  0  0  0  0  21/34  23:20   0:00   6:13 
Matt Niskanen            0  0  0   1  2   0  0  1  0  0  0/0    22:46   0:00   4:56 
Nick Suzuki              1  0  1   0  0   2  0  0  0  0  5/11   12:08   0:00   0:00 
Ondrej Palat             0  0  0   0  2   6  2  0  0  0  0/1    12:42   0:00   0:00 
Oskar Lindblom           0  0  0   0  0   0  0  0  0  0  1/1    12:08   0:00   0:00 
Richard Panik            0  0  0   0  0   2  2  0  0  0  0/1    13:59   0:00   1:51 
Ryan Reaves              0  0  0  -1  0   0  2  0  0  0  0/0     7:33   0:00   0:09 

Players Stats for OTTAWA

Player Name              G  A  P  +/- PIM S  H  SB GA TA FO     MP     PP MP  PK MP  
------------------------------------------------------------------------------------
Andreas Johnsson         1  1  2   1  0   2  2  0  0  0  0/0    18:04   5:12   0:00 
Conor Garland            0  0  0   1  0   3  1  0  0  0  0/0     8:54   0:51   0:00 
Dmitry Kulikov           0  1  1   0  0   2  3  2  0  0  0/0    16:53   0:00   0:00 
Garnet Hathaway          0  0  0   0  0   0  2  0  0  0  2/14   12:50   0:00   0:00 
Jordan Eberle            1  0  1   0  0   3  0  0  0  0  1/2    17:38   4:46   0:00 
Jujhar Khaira            0  0  0   0  0   1  0  0  0  0  1/1    12:56   0:00   0:00 
Kyle Okposo              0  0  0   0  0   3  0  1  0  0  1/2    17:47   4:51   0:00 
Marcus Johansson         0  0  0  -2  0   0  1  0  0  0  11/23  19:45   5:16   0:00 
Mark Borowiecki          0  0  0  -1  0   0  1  1  0  0  0/0    20:11   5:14   0:00 
Michael Raffl            0  1  1   1  0   1  1  0  0  0  0/1     8:03   0:00   0:00 
Michael Rasmussen        1  0  1   1  0   1  0  0  0  0  7/8     8:34   0:00   0:00 
Michal Kempny            0  0  0  -1  0   1  0  0  0  0  0/0    19:04   5:14   0:00 
Mirco Mueller            0  1  1   0  0   0  2  1  0  0  0/0    17:50   0:21   0:00 
Nikita Gusev             0  0  0  -1  0   4  0  0  0  0  0/0    14:29   0:00   0:00 
Oskar Sundqvist          0  0  0   1  2   1  0  0  0  0  10/20  18:03   5:12   0:00 
Ryan Suter               0  2  2   1  0   1  1  2  0  0  0/0    24:03   5:14   0:00 
Vince Dunn               0  0  0   1  0   2  3  0  0  0  0/0    21:59   4:53   0:00 
Yanni Gourde             0  0  0  -2  0   1  1  1  0  0  0/0    20:57   5:16   0:00 

3 Stars

1 - Andreas Johnsson (OTT)
2 - Ryan Suter (OTT)
3 - Michael Rasmussen (OTT)

Power Play

TORONTO - 0 on 0 Attempt(s) - 0.00%
OTTAWA - 1 on 6 Attempt(s) - 16.67%

Penalty Kill

TORONTO - 5 on 6 Attempt(s) - 83.33% - Score 1 goal in Penalty Kill
OTTAWA - 0 on 0 Attempt(s) - 0.00% - Score 0 goal in Penalty Kill

Team Stat

TORONTO - Hits : 23 - Faceoff Wins : 38 - Blocked Shots : 6 - Penalty Minutes : 14
OTTAWA - Hits : 18 - Faceoff Wins : 33 - Blocked Shots : 8 - Penalty Minutes : 2

Official

Referees : Justin Kea and Jay Seo
Linesman : Jeff Walker and Bevan Mills

Game Notes

No Game Note

Finance

Level 1 -- Attendance: 4837 (80.62%) -- Ticket Income $483,700
Level 2 -- Attendance: 3573 (71.46%) -- Ticket Income $214,380
Level 3 -- Attendance: 1764 (88.20%) -- Ticket Income $61,740
Level 4 -- Attendance: 4000 (100.00%) -- Ticket Income $80,000
Luxury Box -- Attendance: 682 (68.20%) -- Ticket Income $136,400
Game was played at the Canadian Tire Center.
Total Attendance: 14856 (82.53%)
Total Ticket Income: $976,220
Total Income: $976,220

TORONTO

5 vs 5 Forward 
   Center                   Left Wing                Right Wing               Time % Phy DF OF 
 1 Mark Scheifele           Brady Tkachuk            Brayden Point            35     1   2  2  
 2 Joe Pavelski             Ondrej Palat             Justin Williams          30     1   2  2  
 3 Nick Suzuki              Oskar Lindblom           Richard Panik            25     1   2  2  
 4 Curtis Lazar             Jordan Martinook         Ryan Reaves              10     1   2  2  

5 vs 5 Defense 
   Defense                  Defense                                           Time % Phy DF OF 
 1 Alex Pietrangelo         Matt Niskanen                                     35     1   2  2  
 2 Josh Morrissey           Kevin Shattenkirk                                 30     1   2  2  
 3 Ethan Bear               Jordie Benn                                       25     1   2  2  
 4 Alex Pietrangelo         Matt Niskanen                                     10     1   2  2  

PowerPlay Forward 
   Center                   Left Wing                Right Wing               Time % Phy DF OF 
 1 Mark Scheifele           Brady Tkachuk            Brayden Point            60     1   2  2  
 2 Joe Pavelski             Ondrej Palat             Justin Williams          40     1   2  2  

PowerPlay Defense
   Defense                  Defense                                           Time % Phy DF OF 
 1 Alex Pietrangelo         Matt Niskanen                                     60     1   2  2  
 2 Josh Morrissey           Kevin Shattenkirk                                 40     1   2  2  

Penalty Kill 4 Players Forward 
   Center                   Wing                     Time % Phy DF OF 
 1 Mark Scheifele           Brayden Point            60     1   2  2  
 2 Joe Pavelski             Brady Tkachuk            40     1   2  2  

Penalty Kill 4 Players Defense
   Defense                  Defense                  Time % Phy DF OF 
 1 Alex Pietrangelo         Matt Niskanen            60     1   2  2  
 2 Josh Morrissey           Kevin Shattenkirk        40     1   2  2  

Penalty Kill - 3 Players Forward 
   Forward                                           Time % Phy DF OF 
 1 Mark Scheifele                                    60     1   2  2  
 2 Brayden Point                                     40     1   2  2  

Penalty Kill - 3 Players Defense
   Defense                  Defense                  Time % Phy DF OF 
 1 Alex Pietrangelo         Matt Niskanen            60     1   2  2  
 2 Josh Morrissey           Kevin Shattenkirk        40     1   2  2  

4 vs 4 Forward 
   Center                   Wing                     Time % Phy DF OF 
 1 Mark Scheifele           Brayden Point            60     1   2  2  
 2 Joe Pavelski             Brady Tkachuk            40     1   2  2  

4 vs 4 Defense
   Defense                  Defense                  Time % Phy DF OF 
 1 Alex Pietrangelo         Matt Niskanen            60     1   2  2  
 2 Josh Morrissey           Kevin Shattenkirk        40     1   2  2  

Last Minutes Offensive
   Center                   Left Wing                Right Wing               Defense                  Defense                  
   Mark Scheifele           Brady Tkachuk            Brayden Point            Alex Pietrangelo         Matt Niskanen            

Last Minutes Defensive
   Center                   Left Wing                Right Wing               Defense                  Defense                  
   Mark Scheifele           Brady Tkachuk            Brayden Point            Alex Pietrangelo         Matt Niskanen            

Goaltenders
Starting : Anton Khudobin           
Backup : Jonathan Quick           

Extra Forwards
Normal : Nick Suzuki, Oskar Lindblom, Richard Panik - PP : Nick Suzuki, Oskar Lindblom - PK : Richard Panik
Extra Defensemen
Normal : Ethan Bear, Jordie Benn, Josh Morrissey - PP : Ethan Bear - PK : Jordie Benn, Josh Morrissey
Penalty Shots
Mark Scheifele, Brayden Point, Joe Pavelski, Brady Tkachuk, Ondrej Palat

Scratches
TOR Cap Hit (Suspend)

OTTAWA

5 vs 5 Forward 
   Center                   Left Wing                Right Wing               Time % Phy DF OF 
 1 Marcus Johansson         Yanni Gourde             Nikita Gusev             35     0   1  4  
 2 Oskar Sundqvist          Andreas Johnsson         Jordan Eberle            30     1   2  2  
 3 Garnet Hathaway          Jujhar Khaira            Kyle Okposo              25     1   3  1  
 4 Michael Rasmussen        Michael Raffl            Conor Garland            10     2   2  1  

5 vs 5 Defense 
   Defense                  Defense                                           Time % Phy DF OF 
 1 Ryan Suter               Vince Dunn                                        35     1   1  3  
 2 Mark Borowiecki          Michal Kempny                                     30     1   2  2  
 3 Mirco Mueller            Dmitry Kulikov                                    25     1   3  1  
 4 Ryan Suter               Mark Borowiecki                                   10     2   2  1  

PowerPlay Forward 
   Center                   Left Wing                Right Wing               Time % Phy DF OF 
 1 Marcus Johansson         Yanni Gourde             Jordan Eberle            60     0   1  4  
 2 Oskar Sundqvist          Andreas Johnsson         Kyle Okposo              40     0   2  3  

PowerPlay Defense
   Defense                  Defense                                           Time % Phy DF OF 
 1 Vince Dunn               Ryan Suter                                        60     0   1  4  
 2 Mark Borowiecki          Michal Kempny                                     40     0   2  3  

Penalty Kill 4 Players Forward 
   Center                   Wing                     Time % Phy DF OF 
 1 Garnet Hathaway          Jordan Eberle            60     1   3  1  
 2 Nikita Gusev             Yanni Gourde             40     1   4  0  

Penalty Kill 4 Players Defense
   Defense                  Defense                  Time % Phy DF OF 
 1 Ryan Suter               Mirco Mueller            60     1   3  1  
 2 Mark Borowiecki          Michal Kempny            40     1   4  0  

Penalty Kill - 3 Players Forward 
   Forward                                           Time % Phy DF OF 
 1 Oskar Sundqvist                                   60     0   4  1  
 2 Garnet Hathaway                                   40     2   3  0  

Penalty Kill - 3 Players Defense
   Defense                  Defense                  Time % Phy DF OF 
 1 Ryan Suter               Mirco Mueller            60     0   4  1  
 2 Michal Kempny            Mark Borowiecki          40     2   3  0  

4 vs 4 Forward 
   Center                   Wing                     Time % Phy DF OF 
 1 Oskar Sundqvist          Yanni Gourde             60     1   2  2  
 2 Garnet Hathaway          Kyle Okposo              40     1   2  2  

4 vs 4 Defense
   Defense                  Defense                  Time % Phy DF OF 
 1 Ryan Suter               Vince Dunn               60     1   2  2  
 2 Mark Borowiecki          Michal Kempny            40     1   2  2  

Last Minutes Offensive
   Center                   Left Wing                Right Wing               Defense                  Defense                  
   Marcus Johansson         Yanni Gourde             Jordan Eberle            Ryan Suter               Vince Dunn               

Last Minutes Defensive
   Center                   Left Wing                Right Wing               Defense                  Defense                  
   Oskar Sundqvist          Yanni Gourde             Jordan Eberle            Ryan Suter               Mirco Mueller            

Goaltenders
Starting : Pekka Rinne              
Backup : Laurent Brossoit         

Extra Forwards
Normal : Yanni Gourde, Oskar Sundqvist, Garnet Hathaway - PP : Kyle Okposo, Conor Garland - PK : Jordan Eberle
Extra Defensemen
Normal : Ryan Suter, Mirco Mueller, Mark Borowiecki - PP : Michal Kempny - PK : Dmitry Kulikov, Vince Dunn
Penalty Shots
Michael Rasmussen, Jordan Eberle, Kyle Okposo, Yanni Gourde, Conor Garland

Scratches
OTT Cap Hit (Suspend), Roman Polak (Healthy), Dominik Simon (Healthy), Joakim Nygard (Healthy), Brandon Pirri (Healthy)

% Time on Ice - TORONTO

Lines # - Real PCT - Wanted PCT - Time Play
Normal Forward
1 - 32% - 35% - 15:18
2 - 27% - 30% - 12:43
3 - 26% - 25% - 12:08
4 - 16% - 10% - 7:24
Normal Defense
1 - 32% - 35% - 15:16
2 - 32% - 30% - 15:19
3 - 32% - 25% - 15:12
4 - 4% - 10% - 1:46
PP Forward
1 - 0% - 60%
2 - 0% - 40%
PP Defense
1 - 0% - 60%
2 - 0% - 40%
PK Forward
1 - 76% - 60% - 7:57
2 - 24% - 40% - 2:31
PK Defense
1 - 60% - 60% - 6:16
2 - 40% - 40% - 4:12
PK3 Forward
1 - 0% - 60%
2 - 0% - 40%
PK3 Defense
1 - 0% - 60%
2 - 0% - 40%
44 Forward
1 - 92% - 60% - 1:49
2 - 8% - 40% - 0:10
44 Defense
1 - 41% - 60% - 0:49
2 - 59% - 40% - 1:10
Last Minute Offensive  - 0:00
Last Minute Defensive  - 0:00
Total
Forward - 60:00
Defense - 60:00

% Time on Ice - OTTAWA

Lines # - Real PCT - Wanted PCT - Time Play
Normal Forward
1 - 30% - 35% - 14:29
2 - 27% - 30% - 12:52
3 - 26% - 25% - 12:09
4 - 17% - 10% - 8:03
Normal Defense
1 - 33% - 35% - 15:48
2 - 28% - 30% - 13:09
3 - 36% - 25% - 16:53
4 - 4% - 10% - 1:43
PP Forward
1 - 50% - 60% - 5:16
2 - 50% - 40% - 5:12
PP Defense
1 - 50% - 60% - 5:14
2 - 50% - 40% - 5:14
PK Forward
1 - 0% - 60%
2 - 0% - 40%
PK Defense
1 - 0% - 60%
2 - 0% - 40%
PK3 Forward
1 - 0% - 60%
2 - 0% - 40%
PK3 Defense
1 - 0% - 60%
2 - 0% - 40%
44 Forward
1 - 100% - 60% - 1:59
2 - 0% - 40% - 0:00
44 Defense
1 - 66% - 60% - 1:18
2 - 34% - 40% - 0:41
Last Minute Offensive  - 0:00
Last Minute Defensive  - 0:00
Total
Forward - 60:00
Defense - 60:00

Play-by-Play

1st period


0:01 of 1st period - Mark Scheifele wins face-off versus Marcus Johansson in neutral zone.
0:03 of 1st period - Off-side.
0:04 of 1st period - Joe Pavelski wins face-off versus Oskar Sundqvist in neutral zone.
0:27 of 1st period - Shot by Ondrej Palat.
0:27 of 1st period - Stopped by Pekka Rinne without a rebound.
0:28 of 1st period - Nick Suzuki wins face-off versus Garnet Hathaway in OTTAWA zone.
0:35 of 1st period - Shot by Oskar Lindblom.
0:35 of 1st period - Shot Blocked by Mirco Mueller.
0:37 of 1st period - Shot by Richard Panik.
0:37 of 1st period - Stopped by Pekka Rinne without a rebound.
0:38 of 1st period - Mark Scheifele wins face-off versus Marcus Johansson in OTTAWA zone.
1:11 of 1st period - Shot by Nikita Gusev.
1:11 of 1st period - Shot Misses the Net.
1:44 of 1st period - Shot by Garnet Hathaway.
1:44 of 1st period - Shot Misses the Net.
2:32 of 1st period - Icing by Mark Borowiecki.
2:33 of 1st period - Oskar Sundqvist wins face-off versus Ondrej Palat in OTTAWA zone.
2:33 of 1st period - Oskar Sundqvist is hit by Joe Pavelski.
2:43 of 1st period - Off-side.
2:44 of 1st period - Michael Rasmussen wins face-off versus Curtis Lazar in neutral zone.
2:52 of 1st period - Shot by Michael Raffl.
2:52 of 1st period - Stopped by Anton Khudobin without a rebound.
2:53 of 1st period - Joe Pavelski wins face-off versus Marcus Johansson in TORONTO zone.
3:04 of 1st period - Shot by Ondrej Palat.
3:04 of 1st period - Shot Misses the Net.
3:12 of 1st period - Shot by Joe Pavelski.
3:12 of 1st period - Deflect By Ondrej Palat.
3:12 of 1st period - Shot Blocked by Yanni Gourde.
3:55 of 1st period - Conor Garland is hit by Josh Morrissey and loses puck.
4:23 of 1st period - Kevin Shattenkirk is hit by Dmitry Kulikov and loses puck.
5:00 of 1st period - Shot by Nick Suzuki.
5:00 of 1st period - Shot Misses the Net.
5:19 of 1st period - Minor Penalty to Jordie Benn for High sticking.
5:20 of 1st period - Mark Scheifele wins face-off versus Marcus Johansson in TORONTO zone.
5:37 of 1st period - Shot by Jordan Eberle.
5:37 of 1st period - Shot Misses the Net.
5:50 of 1st period - Jordan Eberle is hit by Alex Pietrangelo.
6:57 of 1st period - Shot by Vince Dunn.
6:57 of 1st period - Stopped by Anton Khudobin without a rebound.
6:58 of 1st period - Joe Pavelski wins face-off versus Oskar Sundqvist in TORONTO zone.
7:30 of 1st period - Shot by Conor Garland.
7:30 of 1st period - Stopped by Anton Khudobin without a rebound.
7:31 of 1st period - Nick Suzuki wins face-off versus Garnet Hathaway in TORONTO zone.
7:46 of 1st period - Mirco Mueller is hit by Richard Panik and loses puck.
9:10 of 1st period - Mark Borowiecki is hit by Brady Tkachuk and loses puck.
9:24 of 1st period - Mark Scheifele is hit by Mark Borowiecki and loses puck.
10:04 of 1st period - Icing by Jordan Eberle.
10:05 of 1st period - Nick Suzuki wins face-off versus Oskar Sundqvist in OTTAWA zone.
10:54 of 1st period - Alex Pietrangelo is hit by Conor Garland and loses puck.
11:15 of 1st period - Shot by Kyle Okposo.
11:15 of 1st period - Stopped by Anton Khudobin without a rebound.
11:16 of 1st period - Mark Scheifele wins face-off versus Garnet Hathaway in TORONTO zone.
11:27 of 1st period - Icing by Michal Kempny.
11:28 of 1st period - Joe Pavelski wins face-off versus Garnet Hathaway in OTTAWA zone.
11:43 of 1st period - Shot by Justin Williams.
11:43 of 1st period - Shot Misses the Net.
11:51 of 1st period - Shot by Ondrej Palat.
11:51 of 1st period - Stopped by Pekka Rinne without a rebound.
11:52 of 1st period - Marcus Johansson wins face-off versus Mark Scheifele in OTTAWA zone.
12:13 of 1st period - Brayden Point is hit by Ryan Suter and loses puck.
12:55 of 1st period - Shot by Ondrej Palat.
12:55 of 1st period - Stopped by Pekka Rinne without a rebound.
12:56 of 1st period - Garnet Hathaway wins face-off versus Curtis Lazar in OTTAWA zone.
12:56 of 1st period - Garnet Hathaway is hit by Ryan Reaves.
13:06 of 1st period - Shot by Kyle Okposo.
13:06 of 1st period - Stopped by Anton Khudobin without a rebound.
13:07 of 1st period - Oskar Sundqvist wins face-off versus Joe Pavelski in TORONTO zone.
13:18 of 1st period - Mirco Mueller is hit by Ondrej Palat.
13:22 of 1st period - Shot by Ondrej Palat.
13:22 of 1st period - Stopped by Pekka Rinne without a rebound.
13:23 of 1st period - Mark Scheifele wins face-off versus Garnet Hathaway in OTTAWA zone.
15:22 of 1st period - Shot by Nick Suzuki.
15:22 of 1st period - Goal by Nick Suzuki - TORONTO : 1 - OTTAWA : 0.
15:23 of 1st period - Curtis Lazar wins face-off versus Oskar Sundqvist in neutral zone.
15:45 of 1st period - Shot by Jordan Eberle.
15:45 of 1st period - Goal by Jordan Eberle - TORONTO : 1 - OTTAWA : 1.
15:46 of 1st period - Mark Scheifele wins face-off versus Garnet Hathaway in neutral zone.
15:58 of 1st period - Shot by Mark Scheifele.
15:58 of 1st period - Shot Blocked by Mark Borowiecki.
16:00 of 1st period - Shot by Ethan Bear.
16:00 of 1st period - Shot Blocked by Kyle Okposo.
17:36 of 1st period - Shot by Oskar Sundqvist.
17:36 of 1st period - Stopped by Anton Khudobin without a rebound.
17:37 of 1st period - Marcus Johansson wins face-off versus Curtis Lazar in TORONTO zone.
17:45 of 1st period - Marcus Johansson is hit by Jordie Benn.
18:16 of 1st period - Shot by Marcus Johansson.
18:16 of 1st period - Shot Blocked by Ethan Bear.
18:34 of 1st period - Minor Penalty to Jordie Benn for High sticking.
18:35 of 1st period - Mark Scheifele wins face-off versus Marcus Johansson in TORONTO zone.
19:29 of 1st period - Shot by Andreas Johnsson.
19:29 of 1st period - Goal by Andreas Johnsson - TORONTO : 1 - OTTAWA : 2.
19:30 of 1st period - Michael Rasmussen wins face-off versus Nick Suzuki in neutral zone.
Goals for this period are 1 for TORONTO vs 2 for OTTAWA.
Shots for this period are 6 for TORONTO vs 8 for OTTAWA.

2nd period


0:01 of 2nd period - Oskar Sundqvist wins face-off versus Brady Tkachuk in neutral zone.
0:38 of 2nd period - Shot by Brayden Point.
0:38 of 2nd period - Deflect By Mark Scheifele.
0:38 of 2nd period - Shot Misses the Net.
2:16 of 2nd period - Shot by Oskar Lindblom.
2:16 of 2nd period - Deflect By Nick Suzuki.
2:16 of 2nd period - Stopped by Pekka Rinne without a rebound.
2:17 of 2nd period - Michael Rasmussen wins face-off versus Mark Scheifele in OTTAWA zone.
2:28 of 2nd period - Shot by Alex Pietrangelo.
2:28 of 2nd period - Stopped by Pekka Rinne with a rebound.
2:30 of 2nd period - Shot by Brayden Point.
2:30 of 2nd period - Shot Misses the Net.
2:32 of 2nd period - Shot by Matt Niskanen.
2:32 of 2nd period - Shot Blocked by Dmitry Kulikov.
2:34 of 2nd period - Shot by Brayden Point.
2:34 of 2nd period - Stopped by Pekka Rinne without a rebound.
2:35 of 2nd period - Curtis Lazar wins face-off versus Garnet Hathaway in OTTAWA zone.
2:37 of 2nd period - Jordan Martinook is hit by Vince Dunn and loses puck.
2:59 of 2nd period - Curtis Lazar is hit by Vince Dunn and loses puck.
3:56 of 2nd period - Shot by Jordan Eberle.
3:56 of 2nd period - Stopped by Anton Khudobin without a rebound.
3:57 of 2nd period - Marcus Johansson wins face-off versus Mark Scheifele in TORONTO zone.
5:40 of 2nd period - Icing by Ryan Suter.
5:41 of 2nd period - Oskar Sundqvist wins face-off versus Nick Suzuki in OTTAWA zone.
5:58 of 2nd period - Shot by Jordan Eberle.
5:58 of 2nd period - Deflect By Oskar Sundqvist.
5:58 of 2nd period - Shot Misses the Net.
6:03 of 2nd period - Nick Suzuki is hit by Andreas Johnsson and loses puck.
6:08 of 2nd period - Shot by Jordie Benn.
6:08 of 2nd period - Shot Misses the Net.
6:10 of 2nd period - Shot by Jordie Benn.
6:10 of 2nd period - Shot Blocked by Ryan Suter.
6:17 of 2nd period - Icing by Jordan Eberle.
6:18 of 2nd period - Oskar Sundqvist wins face-off versus Mark Scheifele in OTTAWA zone.
6:18 of 2nd period - Ryan Suter is hit by Brady Tkachuk and loses puck.
6:28 of 2nd period - Icing by Jordan Eberle.
6:29 of 2nd period - Joe Pavelski wins face-off versus Oskar Sundqvist in OTTAWA zone.
6:46 of 2nd period - Shot by Ondrej Palat.
6:46 of 2nd period - Stopped by Pekka Rinne with a rebound.
6:48 of 2nd period - Shot by Josh Morrissey.
6:48 of 2nd period - Stopped by Pekka Rinne with a rebound.
6:50 of 2nd period - Shot by Kevin Shattenkirk.
6:50 of 2nd period - Stopped by Pekka Rinne without a rebound.
6:51 of 2nd period - Mark Scheifele wins face-off versus Garnet Hathaway in OTTAWA zone.
7:55 of 2nd period - Shot by Ondrej Palat.
7:55 of 2nd period - Shot Misses the Net.
8:14 of 2nd period - Icing by Kevin Shattenkirk.
8:15 of 2nd period - Joe Pavelski wins face-off versus Marcus Johansson in TORONTO zone.
8:15 of 2nd period - Joe Pavelski is hit by Yanni Gourde.
8:47 of 2nd period - Shot by Yanni Gourde.
8:47 of 2nd period - Shot Blocked by Kevin Shattenkirk.
8:49 of 2nd period - Shot by Nikita Gusev.
8:49 of 2nd period - Stopped by Anton Khudobin without a rebound.
8:50 of 2nd period - Oskar Sundqvist wins face-off versus Nick Suzuki in TORONTO zone.
9:05 of 2nd period - Shot by Richard Panik.
9:05 of 2nd period - Stopped by Pekka Rinne without a rebound.
9:06 of 2nd period - Michael Rasmussen wins face-off versus Brady Tkachuk in OTTAWA zone.
9:06 of 2nd period - Michael Rasmussen is hit by Brady Tkachuk.
10:13 of 2nd period - Ryan Suter is hit by Richard Panik and loses puck.
11:05 of 2nd period - Shot by Justin Williams.
11:05 of 2nd period - Stopped by Pekka Rinne with a rebound.
11:07 of 2nd period - Shot by Ondrej Palat.
11:07 of 2nd period - Stopped by Pekka Rinne with a rebound.
12:13 of 2nd period - Shot by Mark Scheifele.
12:13 of 2nd period - Stopped by Pekka Rinne without a rebound.
12:14 of 2nd period - Marcus Johansson wins face-off versus Nick Suzuki in OTTAWA zone.
12:21 of 2nd period - Shot by Nikita Gusev.
12:21 of 2nd period - Stopped by Anton Khudobin without a rebound.
12:22 of 2nd period - Marcus Johansson wins face-off versus Mark Scheifele in TORONTO zone.
13:29 of 2nd period - Nick Suzuki is hit by Mirco Mueller and loses puck.
15:18 of 2nd period - Icing by Michal Kempny.
15:19 of 2nd period - Michael Rasmussen wins face-off versus Brady Tkachuk in OTTAWA zone.
15:30 of 2nd period - Icing by Matt Niskanen.
15:31 of 2nd period - Mark Scheifele wins face-off versus Marcus Johansson in TORONTO zone.
15:44 of 2nd period - Shot by Nikita Gusev.
15:44 of 2nd period - Stopped by Anton Khudobin without a rebound.
15:45 of 2nd period - Oskar Sundqvist wins face-off versus Nick Suzuki in TORONTO zone.
16:09 of 2nd period - Minor Penalty to Oskar Sundqvist for Interference.
16:09 of 2nd period - Minor Penalty to Ethan Bear for Hooking.
16:10 of 2nd period - Michael Rasmussen wins face-off versus Mark Scheifele in TORONTO zone.
16:40 of 2nd period - Icing by Brayden Point.
16:41 of 2nd period - Mark Scheifele wins face-off versus Garnet Hathaway in TORONTO zone.
16:48 of 2nd period - Shot by Alex Pietrangelo.
16:48 of 2nd period - Stopped by Pekka Rinne without a rebound.
16:49 of 2nd period - Mark Scheifele wins face-off versus Garnet Hathaway in OTTAWA zone.
17:12 of 2nd period - Josh Morrissey is hit by Garnet Hathaway and loses puck.
18:01 of 2nd period - Icing by Ryan Suter.
18:02 of 2nd period - Jujhar Khaira wins face-off versus Joe Pavelski in OTTAWA zone.
18:02 of 2nd period - Jujhar Khaira is hit by Brady Tkachuk.
18:08 of 2nd period - Shot by Alex Pietrangelo.
18:08 of 2nd period - Stopped by Pekka Rinne with a rebound.
18:33 of 2nd period - Icing by Ethan Bear.
18:34 of 2nd period - Michael Rasmussen wins face-off versus Nick Suzuki in TORONTO zone.
18:37 of 2nd period - Shot by Conor Garland.
18:37 of 2nd period - Stopped by Anton Khudobin with a rebound.
18:45 of 2nd period - Shot by Michael Raffl.
18:45 of 2nd period - Deflect By Conor Garland.
18:45 of 2nd period - Shot Misses the Net.
18:50 of 2nd period - Nick Suzuki is hit by Michael Raffl and loses puck.
19:07 of 2nd period - Shot by Conor Garland.
19:07 of 2nd period - Stopped by Anton Khudobin without a rebound.
19:08 of 2nd period - Joe Pavelski wins face-off versus Marcus Johansson in TORONTO zone.
Goals for this period are 0 for TORONTO vs 0 for OTTAWA.
Shots for this period are 12 for TORONTO vs 6 for OTTAWA.

3rd period


0:01 of 3rd period - Marcus Johansson wins face-off versus Mark Scheifele in neutral zone.
0:54 of 3rd period - Jordan Eberle is hit by Brady Tkachuk and loses puck.
1:02 of 3rd period - Icing by Michal Kempny.
1:03 of 3rd period - Oskar Sundqvist wins face-off versus Joe Pavelski in OTTAWA zone.
1:03 of 3rd period - Oskar Sundqvist is hit by Joe Pavelski.
1:11 of 3rd period - Shot by Andreas Johnsson.
1:11 of 3rd period - Stopped by Anton Khudobin without a rebound.
1:12 of 3rd period - Nick Suzuki wins face-off versus Garnet Hathaway in TORONTO zone.
1:18 of 3rd period - Josh Morrissey is hit by Garnet Hathaway and loses puck.
1:45 of 3rd period - Richard Panik is hit by Dmitry Kulikov and loses puck.
1:51 of 3rd period - Richard Panik is hit by Mirco Mueller and loses puck.
2:20 of 3rd period - Shot by Ondrej Palat.
2:20 of 3rd period - Shot Blocked by Ryan Suter.
2:32 of 3rd period - Shot by Joe Pavelski.
2:32 of 3rd period - Shot Misses the Net.
2:48 of 3rd period - Shot by Mark Scheifele.
2:48 of 3rd period - Stopped by Pekka Rinne without a rebound.
2:49 of 3rd period - Mark Scheifele wins face-off versus Oskar Sundqvist in OTTAWA zone.
3:12 of 3rd period - Shot by Mark Scheifele.
3:12 of 3rd period - Stopped by Pekka Rinne without a rebound.
3:13 of 3rd period - Oskar Lindblom wins face-off versus Michael Rasmussen in OTTAWA zone.
3:33 of 3rd period - Conor Garland is hit by Kevin Shattenkirk and loses puck.
3:42 of 3rd period - Shot by Dmitry Kulikov.
3:42 of 3rd period - Stopped by Anton Khudobin without a rebound.
3:43 of 3rd period - Brayden Point wins face-off versus Marcus Johansson in TORONTO zone.
3:43 of 3rd period - Matt Niskanen is hit by Marcus Johansson and loses puck.
4:00 of 3rd period - Shot by Nikita Gusev.
4:00 of 3rd period - Stopped by Anton Khudobin without a rebound.
4:01 of 3rd period - Jordan Eberle wins face-off versus Joe Pavelski in TORONTO zone.
4:01 of 3rd period - Minor Penalty to Jordie Benn for Interference.
4:02 of 3rd period - Marcus Johansson wins face-off versus Mark Scheifele in TORONTO zone.
4:42 of 3rd period - Shot by Jordan Eberle.
4:42 of 3rd period - Stopped by Anton Khudobin without a rebound.
4:43 of 3rd period - Mark Scheifele wins face-off versus Oskar Sundqvist in TORONTO zone.
4:43 of 3rd period - Mark Scheifele is hit by Andreas Johnsson.
4:50 of 3rd period - Icing by Oskar Sundqvist.
4:51 of 3rd period - Mark Scheifele wins face-off versus Oskar Sundqvist in OTTAWA zone.
6:19 of 3rd period - Nikita Gusev is hit by Ryan Reaves and loses puck.
6:27 of 3rd period - Ryan Suter is hit by Jordie Benn and loses puck.
7:32 of 3rd period - Shot by Josh Morrissey.
7:32 of 3rd period - Shot Misses the Net.
7:58 of 3rd period - Shot by Jujhar Khaira.
7:58 of 3rd period - Stopped by Anton Khudobin without a rebound.
7:59 of 3rd period - Garnet Hathaway wins face-off versus Joe Pavelski in TORONTO zone.
8:29 of 3rd period - Shot by Joe Pavelski.
8:29 of 3rd period - Stopped by Pekka Rinne without a rebound.
8:30 of 3rd period - Mark Scheifele wins face-off versus Oskar Sundqvist in OTTAWA zone.
8:39 of 3rd period - Brayden Point is hit by Vince Dunn and loses puck.
9:01 of 3rd period - Minor Penalty to Brady Tkachuk for Interference.
9:02 of 3rd period - Mark Scheifele wins face-off versus Marcus Johansson in TORONTO zone.
9:27 of 3rd period - Shot by Michal Kempny.
9:27 of 3rd period - Shot Blocked by Kevin Shattenkirk.
9:29 of 3rd period - Shot by Michal Kempny.
9:29 of 3rd period - Shot Blocked by Josh Morrissey.
9:57 of 3rd period - Shot by Kyle Okposo.
9:57 of 3rd period - Stopped by Anton Khudobin with a rebound.
9:59 of 3rd period - Shot by Vince Dunn.
9:59 of 3rd period - Shot Misses the Net.
10:39 of 3rd period - Shot by Kevin Shattenkirk.
10:39 of 3rd period - Stopped by Pekka Rinne without a rebound.
10:40 of 3rd period - Mark Scheifele wins face-off versus Marcus Johansson in OTTAWA zone.
10:45 of 3rd period - Shot by Brayden Point.
10:45 of 3rd period - Goal by Brayden Point - TORONTO : 2 - OTTAWA : 2.
10:46 of 3rd period - Mark Scheifele wins face-off versus Jordan Eberle in neutral zone.
10:54 of 3rd period - Icing by Ryan Suter.
10:55 of 3rd period - Mark Scheifele wins face-off versus Marcus Johansson in OTTAWA zone.
11:20 of 3rd period - Shot by Michael Rasmussen.
11:20 of 3rd period - Goal by Michael Rasmussen - TORONTO : 2 - OTTAWA : 3.
11:21 of 3rd period - Curtis Lazar wins face-off versus Garnet Hathaway in neutral zone.
11:28 of 3rd period - Shot by Jordan Martinook.
11:28 of 3rd period - Stopped by Pekka Rinne with a rebound.
11:30 of 3rd period - Shot by Jordan Martinook.
11:30 of 3rd period - Deflect By Ryan Reaves.
11:30 of 3rd period - Shot Misses the Net.
11:32 of 3rd period - Shot by Curtis Lazar.
11:32 of 3rd period - Shot Misses the Net.
12:37 of 3rd period - Marcus Johansson is hit by Josh Morrissey and loses puck.
13:15 of 3rd period - Minor Penalty to Ondrej Palat for Roughing.
13:16 of 3rd period - Kyle Okposo wins face-off versus Richard Panik in TORONTO zone.
14:39 of 3rd period - Shot by Jordan Eberle.
14:39 of 3rd period - Shot Blocked by Kevin Shattenkirk.
14:41 of 3rd period - Shot by Michal Kempny.
14:41 of 3rd period - Stopped by Anton Khudobin without a rebound.
14:42 of 3rd period - Marcus Johansson wins face-off versus Mark Scheifele in TORONTO zone.
15:50 of 3rd period - Shot by Dmitry Kulikov.
15:50 of 3rd period - Stopped by Anton Khudobin without a rebound.
15:51 of 3rd period - Nick Suzuki wins face-off versus Kyle Okposo in TORONTO zone.
16:44 of 3rd period - Ryan Reaves is hit by Dmitry Kulikov and loses puck.
16:49 of 3rd period - Shot by Jordan Martinook.
16:49 of 3rd period - Shot Misses the Net.
17:08 of 3rd period - Icing by Dmitry Kulikov.
17:09 of 3rd period - Oskar Sundqvist wins face-off versus Mark Scheifele in OTTAWA zone.
17:09 of 3rd period - Oskar Sundqvist is hit by Brady Tkachuk.
17:32 of 3rd period - Shot by Mark Scheifele.
17:32 of 3rd period - Shot Blocked by Dmitry Kulikov.
17:34 of 3rd period - Shot by Ethan Bear.
17:34 of 3rd period - Stopped by Pekka Rinne without a rebound.
17:35 of 3rd period - Marcus Johansson wins face-off versus Joe Pavelski in OTTAWA zone.
17:35 of 3rd period - Marcus Johansson is hit by Ondrej Palat.
17:38 of 3rd period - Yanni Gourde is hit by Justin Williams and loses puck.
17:48 of 3rd period - Nikita Gusev is hit by Josh Morrissey.
17:53 of 3rd period - Off-side.
17:54 of 3rd period - Mark Scheifele wins face-off versus Michael Raffl in neutral zone.
17:59 of 3rd period - Shot by Brayden Point.
17:59 of 3rd period - Shot Misses the Net.
18:12 of 3rd period - Michael Rasmussen is hit by Alex Pietrangelo and loses puck.
18:15 of 3rd period - Shot by Michael Rasmussen.
18:15 of 3rd period - Deflect By Conor Garland.
18:15 of 3rd period - Shot Blocked by Matt Niskanen.
18:22 of 3rd period - Minor Penalty to Matt Niskanen for Slashing.
18:23 of 3rd period - Marcus Johansson wins face-off versus Mark Scheifele in TORONTO zone.
18:30 of 3rd period - Shot by Yanni Gourde.
18:30 of 3rd period - Stopped by Anton Khudobin without a rebound.
18:31 of 3rd period - Oskar Sundqvist wins face-off versus Mark Scheifele in TORONTO zone.
19:02 of 3rd period - Icing by Mark Borowiecki.
19:03 of 3rd period - Mark Scheifele wins face-off versus Oskar Sundqvist in OTTAWA zone.
19:43 of 3rd period - Shot by Ryan Suter.
19:43 of 3rd period - Shot Misses the Net.
19:45 of 3rd period - Shot by Ryan Suter.
19:45 of 3rd period - Stopped by Anton Khudobin with a rebound.
19:47 of 3rd period - Shot by Ryan Suter.
19:47 of 3rd period - Shot Misses the Net.
19:49 of 3rd period - Shot by Vince Dunn.
19:49 of 3rd period - Stopped by Anton Khudobin without a rebound.
19:50 of 3rd period - Marcus Johansson wins face-off versus Mark Scheifele in TORONTO zone.
Goals for this period are 1 for TORONTO vs 1 for OTTAWA.
Shots for this period are 7 for TORONTO vs 12 for OTTAWA.